 Dungeon Crawl Stone Soup version 0.19.1 (webtiles) character file.

14450 kae the Basher (level 12, -3/88 HPs)
             Began as a Formicid Fighter on Dec 4, 2016.
             Was a High Priest of Cheibriados.
             Slain by a seven-headed hydra (6 damage)
             ... on level 4 of the Lair of Beasts.
             The game lasted 00:17:55 (14812 turns).

kae the Basher (Formicid Fighter)                  Turns: 14812, Time: 00:17:56

Health: -3/88      AC: 12    Str: 37    XL:     12   Next: 45%
Magic:  15/18      EV: 10    Int: 19    God:    Cheibriados [*****.]
Gold:   1006       SH: 14    Dex: 21    Spells: 0 memorised, 11 levels left

rFire  . . .     SeeInvis +     k - +4 mace
rCold  . . .     Gourm    .     b - +0 scale mail
rNeg   . . .     Faith    .     c - +0 shield
rPois  .         Spirit   .     (helmet unavailable)
rElec  .         Reflect  .     y - +0 cloak
rCorr  +         Harm     .     z - +1 pair of gloves
MR     +....                    I - +0 pair of boots
Stlth  +.........               (no amulet)
                                N - ring of resist corrosion
                                h - ring of stealth

@: very slow
A: permanent stasis, dig shafts and tunnels, four strong arms, antennae 3
a: Dig, Shaft Self, Bend Time, Temporal Distortion, Slouch, Step From Time,
Renounce Religion


You were on level 4 of the Lair of Beasts.
You worshipped Cheibriados.
Cheibriados was extremely pleased with you.
You were hungry.

You visited 3 branches of the dungeon, and saw 14 of its levels.

You collected 1006 gold pieces.

Inventory:

Hand Weapons
 a - a +0 flail
 k - a +4 mace (weapon)
Missiles
 j - 6 throwing nets (quivered)
Armour
 b - a +0 scale mail (worn)
 c - a +0 shield (worn)
 y - a +0 cloak (worn)
 z - a +1 pair of gloves (worn)
 I - a +0 pair of boots (worn)
Jewellery
 h - a ring of stealth (left hand)
 L - an uncursed ring of ice
 N - a ring of resist corrosion (right hand)
 Q - an uncursed ring of protection from fire {unknown}
 T - an uncursed ring of poison resistance {unknown}
 U - the amulet of Sashruif {rN+ Regen+ Str+3 Slay+2, unknown}
   (You found it on level 1 of the Lair of Beasts)

   [amulet of regeneration]

   It affects your strength (+3).
   It affects your accuracy and damage with ranged weapons and melee attacks
   (+2).
   It protects you from negative energy.
   It increases your rate of regeneration.
 W - a +2 ring of dexterity {unknown}
Wands
 n - a wand of iceblast (5/15)
 x - a wand of lightning (11/15)
 D - a wand of confusion (35/48)
 E - a wand of slowing (30/48)
 G - a wand of paralysis (15/24)
 J - a wand of polymorph (12/24)
 O - a wand of disintegration (16/24)
 V - a wand of slowing (5/48)
Scrolls
 o - 5 scrolls of noise
 p - 3 scrolls of magic mapping
 q - a scroll of enchant weapon
 r - 6 scrolls of remove curse
 A - a scroll of enchant armour
 B - a scroll of teleportation
 C - 5 scrolls of amnesia
 R - a scroll of vulnerability {unknown}
 S - a scroll of identify
Potions
 d - a potion of ambrosia {unknown}
 e - 2 potions of magic {unknown}
 g - 2 potions of cure mutation
 l - a potion of mutation {unknown}
 m - 3 potions of agility
 s - 3 potions of curing
 t - a potion of brilliance {unknown}
 u - a potion of berserk rage {unknown}
 M - 2 potions of flight
Books
 w - a book of Misfortune

   Spells                             Type                      Level
   a - Confusing Touch                Hexes                        1
   b - Confuse                        Hexes                        3
   c - Gell's Gravitas                Hexes/Translocation          3
   d - Petrify                        Transmutation/Earth          4
   e - Metabolic Englaciation         Hexes/Ice                    5
   f - Yara's Violent Unravelling     Hexes/Transmutation          5
 F - a book of Minor Magic

   Spells                             Type                      Level
   a - Magic Dart                     Conjuration                  1
   b - Blink                          Translocation                2
   c - Call Imp                       Summoning                    2
   d - Repel Missiles                 Charms/Air                   2
   e - Slow                           Hexes                        2
   f - Conjure Flame                  Conjuration/Fire             3
   g - Mephitic Cloud                 Conjuration/Poison/Air       3
 K - a book of Callings

   Spells                             Type                      Level
   a - Summon Small Mammal            Summoning                    1
   b - Call Imp                       Summoning                    2
   c - Call Canine Familiar           Summoning                    3
   d - Summon Guardian Golem          Hexes/Summoning              3
   e - Summon Lightning Spire         Summoning/Air                4
   f - Summon Ice Beast               Ice/Summoning                4
 P - a book of Frost

   Spells                             Type                      Level
   a - Freeze                         Ice                          1
   b - Throw Frost                    Conjuration/Ice              2
   c - Ozocubu's Armour               Charms/Ice                   3
   d - Throw Icicle                   Conjuration/Ice              4
   e - Summon Ice Beast               Ice/Summoning                4
Comestibles
 f - 12 bread rations
 i - 11 beef jerkies
 v - 8 fruits
 H - 4 meat rations


   Skills:
 + Level 6.2 Fighting
 - Level 14.6 Maces & Flails
 + Level 6.2 Armour
 - Level 9.3 Shields
 + Level 8.2 Invocations


You had 11 spell levels left.
You didn't know any spells.

Dungeon Overview and Level Annotations

Branches:
Dungeon (10/15)            Temple (1/1) D:6            Lair (2/6) D:8
    Orc (0/2) D:10
  Swamp: Lair:2-4    Shoals: Lair:2-4     Snake: Lair:2-4    Spider: Lair:2-4

Altars:
Ashenzari
Cheibriados
Dithmenos
Elyvilon
Fedhas
Gozag
Hepliaklqana
Kikubaaqudgha
Makhleb
Nemelex Xobeh
Okawaru
Qazlal
Ru
Sif Muna
Trog
Uskayaw
Vehumet
Xom
Yredelemnul
Zin
The Shining One

Shops:
D:10 *%

Annotations:
D:9 exclusion: oklob plant
Lair:2 Scuka's ghost, adept KoBe


Innate Abilities, Weirdness & Mutations

You are under a permanent stasis effect.
You can dig through walls and to a lower floor.
Your four strong arms can wield two-handed weapons with a shield.
You have a pair of large antennae on your head. (SInv)


Message History

The seven-headed hydra closely misses you.
You block the seven-headed hydra's attack.
The seven-headed hydra barely misses you.
The seven-headed hydra bites you.
* * * LOW HITPOINT WARNING * * *
The seven-headed hydra bites you but does no damage.
You hit the seven-headed hydra.
The seven-headed hydra is lightly wounded.
Okay, then.
You feel better. The seven-headed hydra bites you.
The seven-headed hydra bites you!
* * * LOW HITPOINT WARNING * * *
The seven-headed hydra misses you. The seven-headed hydra bites you.
* * * LOW HITPOINT WARNING * * *
The seven-headed hydra bites you!
* * * LOW HITPOINT WARNING * * *
The seven-headed hydra bites you!
* * * LOW HITPOINT WARNING * * *
The seven-headed hydra bites you.
You die...

... ....# ...#
##.....
....####.......
...............
...............
..............#
.......S.......
#######D#..S..#
#@#......# { {
####P....# {
P....# {{ ....#
{ ....# { ...#
...P


You could see a seven-headed hydra and a water moccasin.

Vanquished Creatures
  A hydra (Lair:1)
  An unseen horror (D:10)
  2 hill giants (D:10)
  Psyche (D:8)
  4 spiny frogs (Lair:2)
  2 komodo dragons
  Grinder (D:5)
  A hornet (D:10)
  A hippogriff (D:10)
  4 blink frogs (Lair:1)
  The ghost of Scuka the Slicer, an amateur KoBe of Trog (D:3)
  8 yaks
  A wraith (D:9)
  A hungry ghost (D:10)
  Menkaure (D:7)
  8 water moccasins
  6 porcupines
  A sky beast (D:6)
  2 phantoms
  5 orc warriors
  5 ice beasts
  A black bear (D:9)
  2 eyes of draining (D:5)
  5 ogres
  2 centaurs
  6 crocodiles
  A big kobold (D:10)
  A gnoll sergeant (D:8)
  8 bullfrogs
  A wyvern skeleton (D:6)
  A scorpion (D:4)
  6 killer bees (D:8)
  An electric eel (Lair:1)
  3 howler monkeys (D:10)
  5 crimson imps
  A bullfrog zombie (D:6)
  2 centaur zombies (D:7)
  2 quasits
  5 orc priests
  10 hounds
  10 jellies
  2 centaur skeletons
  9 orc wizards
  A bullfrog skeleton (D:5)
  3 iguanas
  4 worker ants
  2 hound zombies
  A hound skeleton (D:9)
  A howler monkey zombie (D:5)
  A worker ant zombie (D:7)
  Robin (D:3)
  20 gnolls
  10 adders
  6 shadow imps
  13 oozes
  An adder skeleton (D:7)
  A worm (D:3)
  5 dart slugs
  6 leopard geckos
  70 orcs
  4 bats
  8 giant cockroaches
  16 hobgoblins
  12 jackals
  4 quokkas
  2 ball pythons
  A ball python skeleton (D:6)
  2 frilled lizards
  16 goblins
  A jackal skeleton (D:8)
  7 kobolds
  2 leopard gecko skeletons
  A quokka skeleton (D:7)
  A quokka zombie (D:6)
  7 rats
371 creatures vanquished.

Vanquished Creatures (others)
  19 fungi
  16 plants
35 creatures vanquished.

Grand Total: 406 creatures vanquished

Notes
Turn   | Place    | Note
-------+----------+-------------------------------------------
     0 | D:1      | kae the Formicid Fighter began the quest for the Orb.
     0 | D:1      | Reached XP level 1. HP: 18/18 MP: 1/1
    36 | D:1      | Reached XP level 2. HP: 24/24 MP: 2/2
   134 | D:1      | Reached skill level 3 in Maces & Flails
   181 | D:1      | Reached XP level 3. HP: 23/29 MP: 3/3
   499 | D:2      | Found a hide-covered altar of Uskayaw.
   525 | D:2      | Reached XP level 4. HP: 29/35 MP: 4/4
   528 | D:2      | Reached skill level 4 in Maces & Flails
   761 | D:2      | Reached XP level 5. HP: 33/41 MP: 5/5
   776 | D:2      | Reached skill level 5 in Maces & Flails
  1627 | D:3      | Noticed an air elemental
  1702 | D:3      | Noticed Robin
  1726 | D:3      | Killed Robin
  1726 | D:3      | Reached XP level 6. HP: 47/47 MP: 6/6
  2138 | D:3      | Reached skill level 6 in Maces & Flails
  2140 | D:3      | Noticed Scuka's ghost (amateur KoBe)
  2155 | D:3      | Killed Scuka's ghost
  2155 | D:3      | Reached skill level 7 in Maces & Flails
  2155 | D:3      | Reached XP level 7. HP: 40/52 MP: 7/7
  2280 | D:3      | Found a glowing golden altar of the Shining One.
  2300 | D:3      | Found a deep blue altar of Sif Muna.
  2665 | D:3      | Noticed a fire elemental
  2667 | D:3      | Found a stormy altar of Qazlal.
  2668 | D:3      | Noticed a water elemental
  3162 | D:4      | Reached skill level 8 in Maces & Flails
  3354 | D:4      | Reached XP level 8. HP: 50/58 MP: 8/8
  3585 | D:4      | Reached skill level 9 in Maces & Flails
  3831 | D:5      | Entered Level 5 of the Dungeon
  3864 | D:5      | Noticed Grinder
  3884 | D:5      | Killed Grinder
  3884 | D:5      | Reached skill level 10 in Maces & Flails
  4374 | D:5      | Found a shadowy altar of Dithmenos.
  4600 | D:5      | Reached XP level 9. HP: 30/64 MP: 9/9
  4881 | D:5      | Found a bloodstained altar of Trog.
  4902 | D:5      | Reached skill level 11 in Maces & Flails
  5392 | D:6      | Found a shattered altar of Ashenzari.
  5420 | D:6      | Reached skill level 12 in Maces & Flails
  5608 | D:6      | Found a staircase to the Ecumenical Temple.
  5655 | Temple   | Entered the Ecumenical Temple
  5960 | Temple   | Became a worshipper of Cheibriados the Contemplative
  6314 | D:7      | Found a snail-covered altar of Cheibriados.
  6723 | D:7      | Reached XP level 10. HP: 70/70 MP: 10/10
  6737 | D:7      | Reached skill level 5 in Shields
  6759 | D:7      | Noticed Menkaure
  6990 | D:7      | Killed Menkaure
  7369 | D:7      | Found a radiant altar of Vehumet.
  7369 | D:7      | Found a sacrificial altar of Ru.
  7554 | D:8      | Found a staircase to the Lair.
  7660 | D:8      | Reached * piety under Cheibriados
  7671 | D:8      | Reached skill level 13 in Maces & Flails
  7955 | D:8      | Noticed Psyche
  7971 | D:8      | Killed Psyche
  8824 | D:9      | Reached ** piety under Cheibriados
  8926 | D:9      | Noticed an oklob plant
  9307 | D:9      | Reached skill level 1 in Invocations
  9598 | D:9      | Found a blossoming altar of Fedhas.
  9811 | D:10     | Entered Level 10 of the Dungeon
  9832 | D:10     | Found Pongo's Food Boutique.
 10014 | D:10     | Reached *** piety under Cheibriados
 10076 | D:10     | Reached XP level 11. HP: 72/75 MP: 12/12
 10109 | D:10     | Reached skill level 14 in Maces & Flails
 10176 | D:10     | Noticed an unseen horror
 10213 | D:10     | Killed an unseen horror
 10339 | D:10     | Noticed a hill giant
 10355 | D:10     | Killed a hill giant
 10803 | D:10     | Found Ditwo's Changing Room.
 10887 | D:10     | Reached **** piety under Cheibriados
 11228 | D:10     | Found a staircase to the Orcish Mines.
 11407 | D:10     | Noticed a hill giant
 11417 | D:10     | Killed a hill giant
 11417 | D:10     | Reached skill level 5 in Invocations
 11677 | D:8      | Reached ***** piety under Cheibriados
 11766 | Lair:1   | Entered Level 1 of the Lair of Beasts
 12672 | Lair:1   | Got a sparkling pewter amulet
 12707 | Lair:1   | Reached XP level 12. HP: 69/84 MP: 16/16
 12799 | Lair:1   | Noticed a six-headed hydra
 12810 | Lair:1   | Killed a six-headed hydra
 12810 | Lair:1   | Reached skill level 5 in Fighting
 12810 | Lair:1   | Reached skill level 5 in Armour
 13499 | Lair:2   | Noticed Scuka's ghost (adept KoBe)
 14806 | Lair:2   | You fall through a shaft for 2 floors!
 14806 | Lair:4   | Noticed a seven-headed hydra
 14812 | Lair:4   | HP: 3/88 [seven-headed hydra (7)]
 14812 | Lair:4   | Slain by a seven-headed hydra

Skill      XL: |  1  2  3  4  5  6  7  8  9 10 11 12 |
---------------+-------------------------------------+-----
Maces & Flails | 3 4 5 7 8 10 12 13 14 | 14.6
Shields        | 4 7 9 |  9.3
Invocations    | 2 6 8 |  8.2
Fighting       | 4 6 |  6.2
Armour         | 4 6 |  6.2

Action                   |  1- 3 |  4- 6 |  7- 9 | 10-12 || total
-------------------------+-------+-------+-------+-------++-------
Melee: Flail             |    13 |       |       |       ||    13
       Mace              |    61 |   206 |   423 |   760 ||  1450
Invok: Bend Time         |       |       |       |     5 ||     5
       Step From Time    |       |       |       |     1 ||     1
 Abil: Dig               |     2 |     3 |     6 |    22 ||    33
       Shaft Self        |       |       |       |     1 ||     1
Evoke: Wand              |       |       |     1 |     4 ||     5
  Use: Scroll            |     1 |       |    11 |     3 ||    15
       Potion            |       |     1 |     1 |     6 ||     8
 Stab: Distracted        |       |       |       |     2 ||     2
  Eat: Chunk             |       |     5 |    15 |    16 ||    36
       Fruit             |       |       |     1 |     1 ||     2
       Royal jelly       |       |       |       |     1 ||     1
Armor: Scale mail        |    31 |    66 |   133 |   135 ||   365
       Skin              |       |       |       |     7 ||     7
Dodge: Dodged            |    24 |    60 |    91 |   150 ||   325
Block: Shield            |    44 |   102 |   154 |   345 ||   645
